Rangers vs Panthers

Created - Friday, January 02, 2015 at 00:03

Goals
1 2 3 T
Rangers 3 0 0 3
Panthers 3 0 3 6
Shots
1 2 3 T
Rangers 11 5 7 23
Panthers 12 15 12 39

1st period

1. Rangers , Jeff Skinner 9 (Francis Bouillon, Matt Moulson) at 13:46
2. Rangers , Daniel Sedin 9 (Jay McClement) at 14:11
3. Panthers , Jakob Silfverberg 7 (Jake Gardiner) at 14:42
4. Rangers , James van Riemsdyk 18 (Kevin Shattenkirk, Logan Couture) at 14:59
5. Panthers , Shawn Horcoff 6 (Mats Zuccarello, Adam Larsson) at 15:33
6. Panthers , Joe Colborne 3 (Adam Larsson, Alex Galchenyuk) at 18:13

Penalties :
Nino Niederreiter (Fla) for Holding (Minor) at 1:26, Dustin Penner (Fla) for Hooking (Minor) at 3:56, Luca Sbisa (NYR) for Hooking (Minor) at 19:57

2nd period

No Goal

Penalties :
Luca Sbisa (NYR) for Hooking (Minor) at 5:13, Kevin Bieksa (NYR) for Hooking (Minor) at 14:23, Paul Ranger (Fla) for Hooking (Minor) at 19:14

3rd period

7. Panthers , Jake Gardiner 9 (Josh Bailey, Marco Scandella) at 2:02 (PP)
8. Panthers , Jake Gardiner 10 (Mats Zuccarello, Shawn Horcoff) at 13:55
9. Panthers , Paul Ranger 5 (Mats Zuccarello, Marco Scandella) at 18:51 (PP)

Penalties :
Luca Sbisa (NYR) for Interference (Minor) at 1:29, Kevin Bieksa (NYR) for Head-butting (Major / Game Misconduct) at 2:11, Brad Richardson (NYR) for Hooking (Minor) at 17:50, Paul Ranger (Fla) for Interference (Minor) at 19:13

Goalie Stats

Tom McCollum (NYR), 33 saves from 39 shots - (0.846), L, 4-5-0, 60:00 minutes
Eddie Lack (Fla), 20 saves from 23 shots - (0.870), W, 1-1-0, 60:00 minutes

Players Stats for Rangers

Player Name              G  A  P  +/- PIM S  H  SB GA TA FO     MP     PP MP  PK MP  
------------------------------------------------------------------------------------
Brad Richardson          0  0  0   0  2   1  1  0  1  1  1/1    14:43   3:22   0:16 
Daniel Alfredsson        0  0  0   0  0   3  1  0  0  0  0/2    18:12   3:21   2:47 
Daniel Sedin             1  0  1   0  0   4  3  0  1  0  0/3    18:24   3:22   4:34 
Francis Bouillon         0  1  1   0  0   0  2  3  0  1  0/0    20:56   2:38   3:44 
James van Riemsdyk       1  0  1   0  0   2  1  1  0  1  12/25  21:51   3:21   7:40 
Jay McClement            0  1  1   0  0   0  0  0  1  1  9/12   14:44   3:22   0:16 
Jeff Halpern             0  0  0  -2  0   1  1  1  0  0  0/0     8:41   0:00   0:00 
Jeff Skinner             1  0  1   1  0   2  1  0  3  1  5/6    10:46   0:00   0:00 
Kevin Bieksa             0  0  0   0  17  3  2  1  0  1  0/0    17:45   3:19   2:11 
Kevin Shattenkirk        0  1  1  -1  0   1  2  3  0  1  0/0    27:52   4:05   8:46 
Logan Couture            0  1  1   0  0   1  0  2  5  3  1/1    21:51   3:21   7:40 
Luca Sbisa               0  0  0   1  6   1  2  1  1  3  0/0    19:56   2:38   5:41 
Matt Moulson             0  1  1   1  0   2  0  0  1  0  0/0    10:46   0:00   0:00 
Maxim Lapierre           0  0  0  -2  0   0  0  0  0  0  0/1     8:02   0:00   0:00 
Nate Guenin              0  0  0  -1  0   0  1  1  1  1  0/0    13:59   0:46   0:00 
Philip Larsen            0  0  0  -1  0   0  0  0  1  0  0/0    18:11   0:00   4:38 
Tanner Glass             0  0  0  -2  0   2  1  0  0  0  0/0     8:02   0:00   0:00 
Todd Bertuzzi            0  0  0   1  0   0  2  1  0  1  0/0    12:33   0:00   1:47 

Players Stats for Panthers

Player Name              G  A  P  +/- PIM S  H  SB GA TA FO     MP     PP MP  PK MP  
------------------------------------------------------------------------------------
Adam Larsson             0  2  2   2  0   1  2  1  0  0  0/0     9:06   0:00   0:39 
Alex Galchenyuk          0  1  1   1  0   4  0  0  2  0  0/9    13:17   1:00   0:00 
Brad Boyes               0  0  0   1  0   0  3  0  0  0  0/1    21:37   5:34   5:07 
Calvin de Haan           0  0  0  -1  0   2  1  3  1  1  0/0    21:20   4:42   0:00 
Colin McDonald           0  0  0   0  0   1  2  0  0  0  0/0     7:32   0:30   0:00 
David Booth              0  0  0   0  0   4  0  0  2  0  0/1     6:52   0:00   0:00 
Dustin Penner            0  0  0  -1  2   1  1  1  3  0  0/0    19:17   6:26   0:43 
Jake Gardiner            2  1  3   0  0   4  0  1  3  4  0/0    23:36   7:48   4:41 
Jakob Silfverberg        1  0  1  -1  0   3  0  0  3  0  0/0    18:19   6:26   0:00 
Joe Colborne             1  0  1   1  0   2  1  0  0  0  2/2    13:32   0:00   0:53 
Josh Bailey              0  1  1  -1  0   2  1  0  3  0  7/14   18:46   6:26   0:00 
Marco Scandella          0  2  2   2  0   3  0  3  1  1  0/0    28:20   7:05   4:41 
Mats Zuccarello          0  3  3   1  0   5  1  1  1  0  1/1    16:56   5:34   1:36 
Nino Niederreiter        0  0  0   1  2   2  2  0  2  0  0/0    13:00   0:30   0:00 
Paul Ranger              1  0  1  -1  4   3  2  0  1  1  0/0    20:29   5:01   1:23 
Seth Jones               0  0  0   0  0   0  0  0  0  0  0/0     0:14   0:00   0:00 
Shawn Horcoff            1  1  2   1  0   1  0  0  1  0  13/23  23:59   5:04   5:07 
Simon Despres            0  0  0   0  0   1  4  1  0  2  0/0    16:51   0:24   2:02 

3 Stars

1 - Jake Gardiner (Fla)
2 - Mats Zuccarello (Fla)
3 - Adam Larsson (Fla)

Power Play

Rangers - 0 on 4 Attempt(s) - 0.00%
Panthers - 2 on 6 Attempt(s) - 33.33%

Penalty Kill

Rangers - 4 on 6 Attempt(s) - 66.67% - Score 0 goal in Penalty Kill
Panthers - 4 on 4 Attempt(s) - 100.00% - Score 0 goal in Penalty Kill

Team Stat

Rangers - Hits : 20 - Faceoff Wins : 28 - Blocked Shots : 14 - Penalty Minutes : 25
Panthers - Hits : 20 - Faceoff Wins : 23 - Blocked Shots : 11 - Penalty Minutes : 8

Official

Referees : Unknown
Linesman : Unknown

Game Notes

Seth Jones is injured at 0:42 of 1st period (Bruised Right Shoulder)
2:00 of 1st period - Rangers goal is going for a video replay. After video review, No Goal. The net was displaced accidentally.
Kevin Bieksa ejected from game at 2:11 of 3rd period
Philip Larsen is injured at 16:53 of 3rd period (Severed Right Wrist Tendon)

Finance

Level 1 -- Attendance: 6000 (100.00%) -- Ticket Income $510,000
Level 2 -- Attendance: 5000 (100.00%) -- Ticket Income $250,000
Level 3 -- Attendance: 2000 (100.00%) -- Ticket Income $60,000
Level 4 -- Attendance: 4000 (100.00%) -- Ticket Income $68,000
Luxury Box -- Attendance: 931 (93.10%) -- Ticket Income $162,925
Game was played at the BankAtlantic Center'
Total Attendance: 17931 (99.62%)
Total Ticket Income: $1,050,925
Other Income: $514,953
Total Income: $1,565,878

Rangers

5 vs 5 Forward 
   Center                   Left Wing                Right Wing               Time % Phy DF OF 
 1 James van Riemsdyk       Logan Couture            Daniel Alfredsson        35     1   2  2  
 2 Jay McClement            Daniel Sedin             Brad Richardson          30     1   2  2  
 3 Jeff Skinner             Matt Moulson             Todd Bertuzzi            22     1   2  2  
 4 Maxim Lapierre           Tanner Glass             Jeff Halpern             13     1   2  2  

5 vs 5 Defense 
   Defense                  Defense                                           Time % Phy DF OF 
 1 Kevin Bieksa             Kevin Shattenkirk                                 35     1   2  2  
 2 Luca Sbisa               Francis Bouillon                                  30     1   2  2  
 3 Nate Guenin              Philip Larsen                                     22     1   2  2  
 4 Kevin Bieksa             Kevin Shattenkirk                                 13     1   2  2  

PowerPlay Forward 
   Center                   Left Wing                Right Wing               Time % Phy DF OF 
 1 James van Riemsdyk       Logan Couture            Daniel Alfredsson        60     1   2  2  
 2 Jay McClement            Daniel Sedin             Brad Richardson          40     1   2  2  

PowerPlay Defense
   Defense                  Defense                                           Time % Phy DF OF 
 1 Kevin Bieksa             Kevin Shattenkirk                                 60     1   2  2  
 2 Luca Sbisa               Francis Bouillon                                  40     1   2  2  

Penalty Kill 4 Players Forward 
   Center                   Wing                     Time % Phy DF OF 
 1 James van Riemsdyk       Logan Couture            60     1   2  2  
 2 Daniel Alfredsson        Daniel Sedin             40     1   2  2  

Penalty Kill 4 Players Defense
   Defense                  Defense                  Time % Phy DF OF 
 1 Kevin Bieksa             Kevin Shattenkirk        60     1   2  2  
 2 Luca Sbisa               Francis Bouillon         40     1   2  2  

Penalty Kill - 3 Players Forward 
   Forward                                           Time % Phy DF OF 
 1 James van Riemsdyk                                60     1   2  2  
 2 Logan Couture                                     40     1   2  2  

Penalty Kill - 3 Players Defense
   Defense                  Defense                  Time % Phy DF OF 
 1 Kevin Bieksa             Kevin Shattenkirk        60     1   2  2  
 2 Luca Sbisa               Francis Bouillon         40     1   2  2  

4 vs 4 Forward 
   Center                   Wing                     Time % Phy DF OF 
 1 James van Riemsdyk       Logan Couture            60     1   2  2  
 2 Daniel Alfredsson        Daniel Sedin             40     1   2  2  

4 vs 4 Defense
   Defense                  Defense                  Time % Phy DF OF 
 1 Kevin Bieksa             Kevin Shattenkirk        60     1   2  2  
 2 Luca Sbisa               Francis Bouillon         40     1   2  2  

Last Minutes Offensive
   Center                   Left Wing                Right Wing               Defense                  Defense                  
   James van Riemsdyk       Logan Couture            Daniel Alfredsson        Kevin Bieksa             Kevin Shattenkirk        

Last Minutes Defensive
   Center                   Left Wing                Right Wing               Defense                  Defense                  
   James van Riemsdyk       Logan Couture            Daniel Alfredsson        Kevin Bieksa             Kevin Shattenkirk        

Goaltenders
Starting : Tom McCollum             
Backup : Dustin Tokarski          

Extra Forwards
Normal : Jeff Skinner, Matt Moulson, Todd Bertuzzi - PP : Jeff Skinner, Matt Moulson - PK : Todd Bertuzzi
Extra Defensemen
Normal : Nate Guenin, Philip Larsen, Luca Sbisa - PP : Nate Guenin - PK : Philip Larsen, Luca Sbisa
Penalty Shots
James van Riemsdyk, Logan Couture, Daniel Alfredsson, Daniel Sedin, Jay McClement

Panthers

5 vs 5 Forward 
   Center                   Left Wing                Right Wing               Time % Phy DF OF 
 1 Shawn Horcoff            Mats Zuccarello          Brad Boyes               35     1   2  2  
 2 Josh Bailey              Dustin Penner            Jakob Silfverberg        30     1   2  2  
 3 Alex Galchenyuk          Nino Niederreiter        Joe Colborne             22     1   2  2  
 4 Shawn Horcoff            David Booth              Colin McDonald           13     1   2  2  

5 vs 5 Defense 
   Defense                  Defense                                           Time % Phy DF OF 
 1 Marco Scandella          Jake Gardiner                                     35     1   2  2  
 2 Seth Jones               Paul Ranger                                       30     1   2  2  
 3 Calvin de Haan           Simon Despres                                     22     1   2  2  
 4 Adam Larsson             Marco Scandella                                   13     1   2  2  

PowerPlay Forward 
   Center                   Left Wing                Right Wing               Time % Phy DF OF 
 1 Shawn Horcoff            Mats Zuccarello          Brad Boyes               60     1   2  2  
 2 Josh Bailey              Dustin Penner            Jakob Silfverberg        40     1   2  2  

PowerPlay Defense
   Defense                  Defense                                           Time % Phy DF OF 
 1 Marco Scandella          Jake Gardiner                                     60     1   2  2  
 2 Seth Jones               Paul Ranger                                       40     1   2  2  

Penalty Kill 4 Players Forward 
   Center                   Wing                     Time % Phy DF OF 
 1 Shawn Horcoff            Brad Boyes               60     1   2  2  
 2 Mats Zuccarello          Dustin Penner            40     1   2  2  

Penalty Kill 4 Players Defense
   Defense                  Defense                  Time % Phy DF OF 
 1 Marco Scandella          Jake Gardiner            60     1   2  2  
 2 Seth Jones               Paul Ranger              40     1   2  2  

Penalty Kill - 3 Players Forward 
   Forward                                           Time % Phy DF OF 
 1 Shawn Horcoff                                     60     1   2  2  
 2 Brad Boyes                                        40     1   2  2  

Penalty Kill - 3 Players Defense
   Defense                  Defense                  Time % Phy DF OF 
 1 Marco Scandella          Jake Gardiner            60     1   2  2  
 2 Seth Jones               Paul Ranger              40     1   2  2  

4 vs 4 Forward 
   Center                   Wing                     Time % Phy DF OF 
 1 Shawn Horcoff            Brad Boyes               60     1   2  2  
 2 Mats Zuccarello          Dustin Penner            40     1   2  2  

4 vs 4 Defense
   Defense                  Defense                  Time % Phy DF OF 
 1 Marco Scandella          Jake Gardiner            60     1   2  2  
 2 Seth Jones               Paul Ranger              40     1   2  2  

Last Minutes Offensive
   Center                   Left Wing                Right Wing               Defense                  Defense                  
   Shawn Horcoff            Mats Zuccarello          Brad Boyes               Marco Scandella          Jake Gardiner            

Last Minutes Defensive
   Center                   Left Wing                Right Wing               Defense                  Defense                  
   Shawn Horcoff            Mats Zuccarello          Brad Boyes               Marco Scandella          Jake Gardiner            

Goaltenders
Starting : Eddie Lack               
Backup : Cal Heeter               

Extra Forwards
Normal : Alex Galchenyuk, Nino Niederreiter, Joe Colborne - PP : Alex Galchenyuk, Nino Niederreiter - PK : Joe Colborne
Extra Defensemen
Normal : Calvin de Haan, Simon Despres, Adam Larsson - PP : Calvin de Haan - PK : Simon Despres, Adam Larsson
Penalty Shots
Shawn Horcoff, Brad Boyes, Mats Zuccarello, Dustin Penner, Jakob Silfverberg

% Time on Ice - Rangers

Lines # - Real PCT - Wanted PCT - Time Play
Normal Forward
1 - 28% - 35% - 11:30
2 - 26% - 30% - 10:29
3 - 26% - 22% - 10:46
4 - 20% - 13% - 8:02
Normal Defense
1 - 36% - 35% - 14:51
2 - 28% - 30% - 11:23
3 - 28% - 22% - 11:24
4 - 8% - 13% - 3:09
PP Forward
1 - 50% - 60% - 3:21
2 - 50% - 40% - 3:22
PP Defense
1 - 61% - 60% - 4:05
2 - 39% - 40% - 2:38
PK Forward
1 - 78% - 60% - 9:43
2 - 22% - 40% - 2:47
PK Defense
1 - 71% - 60% - 8:53
2 - 29% - 40% - 3:37
PK3 Forward
1 - 0% - 60%
2 - 0% - 40%
PK3 Defense
1 - 0% - 60%
2 - 0% - 40%
44 Forward
1 - 0% - 60%
2 - 0% - 40%
44 Defense
1 - 0% - 60%
2 - 0% - 40%
Last Minute Offensive  - 0:00
Last Minute Defensive  - 0:00
Total
Forward - 60:00
Defense - 60:00

% Time on Ice - Panthers

Lines # - Real PCT - Wanted PCT - Time Play
Normal Forward
1 - 25% - 35% - 10:20
2 - 29% - 30% - 11:54
3 - 29% - 22% - 11:40
4 - 17% - 13% - 6:53
Normal Defense
1 - 27% - 35% - 11:08
2 - 35% - 30% - 14:24
3 - 24% - 22% - 9:48
4 - 13% - 13% - 5:27
PP Forward
1 - 49% - 60% - 6:04
2 - 51% - 40% - 6:26
PP Defense
1 - 57% - 60% - 7:05
2 - 43% - 40% - 5:25
PK Forward
1 - 76% - 60% - 5:07
2 - 24% - 40% - 1:36
PK Defense
1 - 70% - 60% - 4:41
2 - 30% - 40% - 2:02
PK3 Forward
1 - 0% - 60%
2 - 0% - 40%
PK3 Defense
1 - 0% - 60%
2 - 0% - 40%
44 Forward
1 - 0% - 60%
2 - 0% - 40%
44 Defense
1 - 0% - 60%
2 - 0% - 40%
Last Minute Offensive  - 0:00
Last Minute Defensive  - 0:00
Total
Forward - 60:00
Defense - 60:00

Play by Play

1st period


0:01 of 1st period - Shawn Horcoff wins face-off versus James van Riemsdyk in neutral zone.
0:10 of 1st period - Wrist shot by Mats Zuccarello.
0:10 of 1st period - Shot Blocked by Logan Couture.
0:27 of 1st period - Wrist shot by Mats Zuccarello.
0:27 of 1st period - Stopped by Tom McCollum without a rebound.
0:28 of 1st period - Josh Bailey wins face-off versus Daniel Sedin in Rangers zone.
0:33 of 1st period - Wrist shot by Dustin Penner.
0:33 of 1st period - Shot Misses the Net.
0:41 of 1st period - Seth Jones is hit by Francis Bouillon and loses puck.
0:42 of 1st period - Seth Jones from Panthers is injured at 0:42 of 1st period (Bruised Right Shoulder).
0:43 of 1st period - Jeff Skinner wins face-off versus Alex Galchenyuk in Panthers zone.
1:26 of 1st period - Minor Penalty to Nino Niederreiter for Holding.
1:27 of 1st period - Shawn Horcoff wins face-off versus James van Riemsdyk in Panthers zone.
1:58 of 1st period - Slapshot by James van Riemsdyk.
1:58 of 1st period - Shot Blocked by Marco Scandella.
2:00 of 1st period - Slapshot by Kevin Shattenkirk.
2:00 of 1st period - Rangers goal is going for a video replay.
2:00 of 1st period - The goal is refused. The net was displaced accidentally..
2:01 of 1st period - Mats Zuccarello wins face-off versus Jay McClement in Panthers zone.
3:26 of 1st period - Penalty to Nino Niederreiter is over, Nino Niederreiter is back on ice.
3:31 of 1st period - Off-side.
3:32 of 1st period - Jay McClement wins face-off versus Josh Bailey in neutral zone.
3:56 of 1st period - Minor Penalty to Dustin Penner for Hooking.
3:57 of 1st period - James van Riemsdyk wins face-off versus Shawn Horcoff in Panthers zone.
5:01 of 1st period - Marco Scandella is hit by Daniel Sedin and loses puck.
5:22 of 1st period - Slapshot by Daniel Alfredsson.
5:22 of 1st period - Shot Misses the Net.
5:24 of 1st period - Slapshot by Luca Sbisa.
5:24 of 1st period - Deflect By James van Riemsdyk.
5:24 of 1st period - Stopped by Eddie Lack without a rebound.
5:25 of 1st period - Shawn Horcoff wins face-off versus James van Riemsdyk in Panthers zone.
5:52 of 1st period - Snap shot by Brad Richardson.
5:52 of 1st period - Deflect By Daniel Sedin.
5:52 of 1st period - Stopped by Eddie Lack without a rebound.
5:53 of 1st period - Jay McClement wins face-off versus Brad Boyes in Panthers zone.
5:56 of 1st period - Penalty to Dustin Penner is over, Dustin Penner is back on ice.
6:28 of 1st period - Matt Moulson is hit by Simon Despres.
6:42 of 1st period - Todd Bertuzzi is hit by Simon Despres and loses puck.
7:11 of 1st period - Wrist shot by Tanner Glass.
7:11 of 1st period - Stopped by Eddie Lack without a rebound.
7:12 of 1st period - Shawn Horcoff wins face-off versus James van Riemsdyk in Panthers zone.
7:17 of 1st period - Slapshot by Jake Gardiner.
7:17 of 1st period - Stopped by Tom McCollum with a rebound.
7:19 of 1st period - Slapshot by Marco Scandella.
7:19 of 1st period - Stopped by Tom McCollum with a rebound.
7:21 of 1st period - Snap shot by Shawn Horcoff.
7:21 of 1st period - Shot Blocked by Francis Bouillon.
7:23 of 1st period - Wrist shot by David Booth.
7:23 of 1st period - Stopped by Tom McCollum without a rebound.
7:24 of 1st period - Shawn Horcoff wins face-off versus James van Riemsdyk in Rangers zone.
7:32 of 1st period - Wrist shot by Shawn Horcoff.
7:32 of 1st period - Deflect By David Booth.
7:32 of 1st period - Stopped by Tom McCollum without a rebound.
7:33 of 1st period - Jay McClement wins face-off versus Alex Galchenyuk in Rangers zone.
8:41 of 1st period - Backhand shot by Logan Couture.
8:41 of 1st period - Deflect By Daniel Alfredsson.
8:41 of 1st period - Stopped by Eddie Lack with a rebound.
9:01 of 1st period - Jakob Silfverberg is hit by James van Riemsdyk and loses puck.
9:33 of 1st period - Snap shot by Mats Zuccarello.
9:33 of 1st period - Shot Misses the Net.
9:35 of 1st period - Snap shot by Mats Zuccarello.
9:35 of 1st period - Shot Misses the Net.
10:23 of 1st period - Wrist shot by Maxim Lapierre.
10:23 of 1st period - Shot Misses the Net.
10:39 of 1st period - David Booth is hit by Nate Guenin and loses puck.
11:26 of 1st period - Backhand shot by James van Riemsdyk.
11:26 of 1st period - Shot Misses the Net.
12:03 of 1st period - Jakob Silfverberg is hit by Todd Bertuzzi.
13:15 of 1st period - Kevin Shattenkirk is hit by Nino Niederreiter and loses puck.
13:42 of 1st period - Wrist shot by Jeff Skinner.
13:42 of 1st period - Deflect By Matt Moulson.
13:42 of 1st period - Stopped by Eddie Lack with a rebound.
13:44 of 1st period - Slapshot by Francis Bouillon.
13:44 of 1st period - Shot Blocked by Dustin Penner.
13:46 of 1st period - Wrist shot by Jeff Skinner.
13:46 of 1st period - Goal by Jeff Skinner - Rangers : 1 - Panthers : 0.
13:47 of 1st period - Jay McClement wins face-off versus Shawn Horcoff in neutral zone.
13:52 of 1st period - Slapshot by Daniel Sedin.
13:52 of 1st period - Shot Blocked by Mats Zuccarello.
13:54 of 1st period - Snap shot by Jay McClement.
13:54 of 1st period - Shot Misses the Net.
14:11 of 1st period - Wrist shot by Daniel Sedin.
14:11 of 1st period - Goal by Daniel Sedin - Rangers : 2 - Panthers : 0.
14:12 of 1st period - James van Riemsdyk wins face-off versus Alex Galchenyuk in neutral zone.
14:28 of 1st period - Snap shot by Logan Couture.
14:28 of 1st period - Shot Blocked by Calvin de Haan.
14:30 of 1st period - Slapshot by Kevin Bieksa.
14:30 of 1st period - Stopped by Eddie Lack with a rebound.
14:32 of 1st period - Slapshot by Kevin Bieksa.
14:32 of 1st period - Stopped by Eddie Lack without a rebound.
14:33 of 1st period - Jay McClement wins face-off versus Josh Bailey in Panthers zone.
14:42 of 1st period - Wrist shot by Jakob Silfverberg.
14:42 of 1st period - Goal by Jakob Silfverberg - Rangers : 2 - Panthers : 1.
14:43 of 1st period - James van Riemsdyk wins face-off versus Josh Bailey in neutral zone.
14:53 of 1st period - Icing by Jake Gardiner.
14:54 of 1st period - James van Riemsdyk wins face-off versus Josh Bailey in Panthers zone.
14:57 of 1st period - Snap shot by Logan Couture.
14:57 of 1st period - Shot Misses the Net.
14:59 of 1st period - Slapshot by Kevin Shattenkirk.
14:59 of 1st period - Deflect By James van Riemsdyk.
14:59 of 1st period - Goal by James van Riemsdyk - Rangers : 3 - Panthers : 1.
15:00 of 1st period - Shawn Horcoff wins face-off versus James van Riemsdyk in neutral zone.
15:05 of 1st period - Wrist shot by Mats Zuccarello.
15:05 of 1st period - Shot Blocked by Logan Couture.
15:07 of 1st period - Slapshot by Adam Larsson.
15:07 of 1st period - Stopped by Tom McCollum with a rebound.
15:09 of 1st period - Snap shot by Brad Boyes.
15:09 of 1st period - Shot Blocked by Kevin Bieksa.
15:11 of 1st period - Backhand shot by Mats Zuccarello.
15:11 of 1st period - Shot Misses the Net.
15:17 of 1st period - Snap shot by Shawn Horcoff.
15:17 of 1st period - Shot Misses the Net.
15:29 of 1st period - Snap shot by Mats Zuccarello.
15:29 of 1st period - Shot Misses the Net.
15:31 of 1st period - Slapshot by Adam Larsson.
15:31 of 1st period - Deflect By Mats Zuccarello.
15:31 of 1st period - Stopped by Tom McCollum with a rebound.
15:33 of 1st period - Snap shot by Shawn Horcoff.
15:33 of 1st period - Goal by Shawn Horcoff - Rangers : 3 - Panthers : 2.
15:34 of 1st period - Josh Bailey wins face-off versus Daniel Sedin in neutral zone.
15:59 of 1st period - Snap shot by Jakob Silfverberg.
15:59 of 1st period - Stopped by Tom McCollum with a rebound.
16:01 of 1st period - Slapshot by Marco Scandella.
16:01 of 1st period - Shot Misses the Net.
17:28 of 1st period - Slapshot by Matt Moulson.
17:28 of 1st period - Shot Misses the Net.
17:59 of 1st period - Slapshot by Maxim Lapierre.
17:59 of 1st period - Shot Blocked by Adam Larsson.
18:09 of 1st period - Wrist shot by Alex Galchenyuk.
18:09 of 1st period - Shot Blocked by Jeff Halpern.
18:11 of 1st period - Slapshot by Adam Larsson.
18:11 of 1st period - Shot Blocked by Nate Guenin.
18:13 of 1st period - Snap shot by Joe Colborne.
18:13 of 1st period - Goal by Joe Colborne - Rangers : 3 - Panthers : 3.
18:14 of 1st period - James van Riemsdyk wins face-off versus Josh Bailey in neutral zone.
18:41 of 1st period - Snap shot by Logan Couture.
18:41 of 1st period - Shot Misses the Net.
19:15 of 1st period - Snap shot by Alex Galchenyuk.
19:15 of 1st period - Stopped by Tom McCollum with a rebound.
19:27 of 1st period - Calvin de Haan is hit by Kevin Bieksa and loses puck.
19:57 of 1st period - Minor Penalty to Luca Sbisa for Hooking.
19:58 of 1st period - Josh Bailey wins face-off versus James van Riemsdyk in Rangers zone.
Goals for this period are 3 for Rangers vs 3 for Panthers.
Shots for this period are 11 for Rangers vs 12 for Panthers.

2nd period


0:01 of 2nd period - James van Riemsdyk wins face-off versus Shawn Horcoff in neutral zone.
0:08 of 2nd period - Brad Boyes is hit by Kevin Bieksa and loses puck.
0:25 of 2nd period - Snap shot by Mats Zuccarello.
0:25 of 2nd period - Shot Misses the Net.
0:27 of 2nd period - Slapshot by Mats Zuccarello.
0:27 of 2nd period - Stopped by Tom McCollum with a rebound.
0:29 of 2nd period - Slapshot by Jake Gardiner.
0:29 of 2nd period - Deflect By Logan Couture.
0:29 of 2nd period - Stopped by Tom McCollum with a rebound.
1:57 of 2nd period - Penalty to Luca Sbisa is over, Luca Sbisa is back on ice.
2:05 of 2nd period - Josh Bailey is hit by Tanner Glass and loses puck.
2:52 of 2nd period - Snap shot by Nino Niederreiter.
2:52 of 2nd period - Stopped by Tom McCollum with a rebound.
2:54 of 2nd period - Snap shot by Joe Colborne.
2:54 of 2nd period - Deflect By Alex Galchenyuk.
2:54 of 2nd period - Shot Misses the Net.
2:54 of 2nd period - Puck is out of play.
2:55 of 2nd period - Jay McClement wins face-off versus David Booth in Rangers zone.
3:14 of 2nd period - Slapshot by Kevin Shattenkirk.
3:14 of 2nd period - Shot Misses the Net.
3:34 of 2nd period - Wrist shot by Alex Galchenyuk.
3:34 of 2nd period - Stopped by Tom McCollum without a rebound.
3:35 of 2nd period - Jeff Skinner wins face-off versus Alex Galchenyuk in Rangers zone.
3:53 of 2nd period - Snap shot by Joe Colborne.
3:53 of 2nd period - Shot Misses the Net.
3:55 of 2nd period - Slapshot by Paul Ranger.
3:55 of 2nd period - Shot Misses the Net.
4:31 of 2nd period - Marco Scandella is hit by Todd Bertuzzi and loses puck.
4:56 of 2nd period - Wrist shot by Josh Bailey.
4:56 of 2nd period - Shot Blocked by James van Riemsdyk.
5:04 of 2nd period - Wrist shot by Dustin Penner.
5:04 of 2nd period - Shot Blocked by Kevin Shattenkirk.
5:06 of 2nd period - Wrist shot by Dustin Penner.
5:06 of 2nd period - Stopped by Tom McCollum with a rebound.
5:08 of 2nd period - Slapshot by Simon Despres.
5:08 of 2nd period - Stopped by Tom McCollum with a rebound.
5:10 of 2nd period - Slapshot by Calvin de Haan.
5:10 of 2nd period - Stopped by Tom McCollum without a rebound.
5:11 of 2nd period - Jay McClement wins face-off versus Alex Galchenyuk in Rangers zone.
5:13 of 2nd period - Minor Penalty to Luca Sbisa for Hooking.
5:14 of 2nd period - James van Riemsdyk wins face-off versus Shawn Horcoff in Rangers zone.
6:28 of 2nd period - Icing by Paul Ranger.
6:29 of 2nd period - James van Riemsdyk wins face-off versus Shawn Horcoff in Panthers zone.
7:13 of 2nd period - Penalty to Luca Sbisa is over, Luca Sbisa is back on ice.
7:20 of 2nd period - Slapshot by Calvin de Haan.
7:20 of 2nd period - Shot Blocked by Francis Bouillon.
7:22 of 2nd period - Slapshot by Calvin de Haan.
7:22 of 2nd period - Stopped by Tom McCollum without a rebound.
7:23 of 2nd period - Shawn Horcoff wins face-off versus Jeff Skinner in Rangers zone.
8:33 of 2nd period - Wrist shot by David Booth.
8:33 of 2nd period - Stopped by Tom McCollum with a rebound.
9:12 of 2nd period - Nate Guenin is hit by Paul Ranger.
9:34 of 2nd period - Snap shot by Colin McDonald.
9:34 of 2nd period - Stopped by Tom McCollum with a rebound.
10:05 of 2nd period - Snap shot by Jakob Silfverberg.
10:05 of 2nd period - Stopped by Tom McCollum with a rebound.
10:11 of 2nd period - Kevin Bieksa is hit by Simon Despres and loses puck.
10:24 of 2nd period - Snap shot by Jeff Halpern.
10:24 of 2nd period - Shot Misses the Net.
10:26 of 2nd period - Slapshot by Francis Bouillon.
10:26 of 2nd period - Shot Misses the Net.
10:28 of 2nd period - Slapshot by Tanner Glass.
10:28 of 2nd period - Stopped by Eddie Lack with a rebound.
10:30 of 2nd period - Snap shot by Luca Sbisa.
10:30 of 2nd period - Stopped by Eddie Lack without a rebound.
10:31 of 2nd period - Jeff Skinner wins face-off versus Alex Galchenyuk in Panthers zone.
12:12 of 2nd period - Maxim Lapierre is hit by Brad Boyes and loses puck.
12:37 of 2nd period - Snap shot by Josh Bailey.
12:37 of 2nd period - Stopped by Tom McCollum without a rebound.
12:38 of 2nd period - Jeff Skinner wins face-off versus Josh Bailey in Rangers zone.
13:41 of 2nd period - Simon Despres is hit by Luca Sbisa and loses puck.
13:48 of 2nd period - Francis Bouillon is hit by Simon Despres and loses puck.
14:23 of 2nd period - Minor Penalty to Kevin Bieksa for Hooking.
14:24 of 2nd period - Josh Bailey wins face-off versus James van Riemsdyk in Rangers zone.
14:27 of 2nd period - Snap shot by Josh Bailey.
14:27 of 2nd period - Stopped by Tom McCollum with a rebound.
14:29 of 2nd period - Slapshot by Marco Scandella.
14:29 of 2nd period - Stopped by Tom McCollum with a rebound.
15:38 of 2nd period - Dustin Penner is hit by Kevin Shattenkirk and loses puck.
16:06 of 2nd period - Snap shot by Alex Galchenyuk.
16:06 of 2nd period - Shot Misses the Net.
16:23 of 2nd period - Penalty to Kevin Bieksa is over, Kevin Bieksa is back on ice.
16:42 of 2nd period - Snap shot by Jeff Skinner.
16:42 of 2nd period - Stopped by Eddie Lack without a rebound.
16:43 of 2nd period - Jeff Skinner wins face-off versus Alex Galchenyuk in Panthers zone.
17:42 of 2nd period - Backhand shot by Kevin Shattenkirk.
17:42 of 2nd period - Shot Misses the Net.
17:44 of 2nd period - Wrist shot by Jeff Halpern.
17:44 of 2nd period - Stopped by Eddie Lack with a rebound.
17:46 of 2nd period - Slapshot by Jeff Halpern.
17:46 of 2nd period - Shot Blocked by Calvin de Haan.
17:48 of 2nd period - Wrist shot by Kevin Bieksa.
17:48 of 2nd period - Shot Blocked by Calvin de Haan.
18:24 of 2nd period - Slapshot by Daniel Sedin.
18:24 of 2nd period - Shot Blocked by Simon Despres.
18:26 of 2nd period - Snap shot by Daniel Sedin.
18:26 of 2nd period - Stopped by Eddie Lack with a rebound.
18:28 of 2nd period - Wrist shot by Jay McClement.
18:28 of 2nd period - Shot Misses the Net.
18:30 of 2nd period - Wrist shot by Brad Richardson.
18:30 of 2nd period - Shot Misses the Net.
19:01 of 2nd period - Wrist shot by Nino Niederreiter.
19:01 of 2nd period - Stopped by Tom McCollum without a rebound.
19:02 of 2nd period - James van Riemsdyk wins face-off versus Shawn Horcoff in Rangers zone.
19:02 of 2nd period - Logan Couture is hit by Adam Larsson and loses puck.
19:14 of 2nd period - Minor Penalty to Paul Ranger for Hooking.
19:15 of 2nd period - Logan Couture wins face-off versus Shawn Horcoff in Panthers zone.
19:28 of 2nd period - Snap shot by James van Riemsdyk.
19:28 of 2nd period - Shot Blocked by Marco Scandella.
19:44 of 2nd period - Jake Gardiner is hit by Daniel Alfredsson and loses puck.
Goals for this period are 0 for Rangers vs 0 for Panthers.
Shots for this period are 5 for Rangers vs 15 for Panthers.

3rd period


0:01 of 3rd period - Shawn Horcoff wins face-off versus James van Riemsdyk in neutral zone.
0:32 of 3rd period - Slapshot by Logan Couture.
0:32 of 3rd period - Shot Blocked by Marco Scandella.
0:34 of 3rd period - Slapshot by Kevin Bieksa.
0:34 of 3rd period - Stopped by Eddie Lack without a rebound.
0:35 of 3rd period - Jay McClement wins face-off versus Shawn Horcoff in Panthers zone.
0:54 of 3rd period - Snap shot by Brad Richardson.
0:54 of 3rd period - Stopped by Eddie Lack with a rebound.
1:14 of 3rd period - Penalty to Paul Ranger is over, Paul Ranger is back on ice.
1:29 of 3rd period - Minor Penalty to Luca Sbisa for Interference.
1:30 of 3rd period - Josh Bailey wins face-off versus James van Riemsdyk in Rangers zone.
1:58 of 3rd period - Slapshot by Marco Scandella.
1:58 of 3rd period - Stopped by Tom McCollum with a rebound.
2:00 of 3rd period - Wrist shot by Josh Bailey.
2:00 of 3rd period - Shot Blocked by Kevin Shattenkirk.
2:02 of 3rd period - Snap shot by Jake Gardiner.
2:02 of 3rd period - Goal by Jake Gardiner - Rangers : 3 - Panthers : 4.
2:03 of 3rd period - Brad Richardson wins face-off versus Alex Galchenyuk in neutral zone.
2:11 of 3rd period - Major / Game Misconduct Penalty to Kevin Bieksa for Head-butting.
2:11 of 3rd period - Kevin Bieksa is ejected from game.
2:12 of 3rd period - James van Riemsdyk wins face-off versus Shawn Horcoff in Rangers zone.
2:12 of 3rd period - James van Riemsdyk is hit by Brad Boyes.
3:05 of 3rd period - Logan Couture is hit by Dustin Penner and loses puck.
3:28 of 3rd period - Wrist shot by Jakob Silfverberg.
3:28 of 3rd period - Shot Blocked by Kevin Shattenkirk.
3:48 of 3rd period - Snap shot by Mats Zuccarello.
3:48 of 3rd period - Stopped by Tom McCollum with a rebound.
4:08 of 3rd period - Slapshot by Daniel Sedin.
4:08 of 3rd period - Stopped by Eddie Lack with a rebound.
4:37 of 3rd period - Off-side.
4:38 of 3rd period - Shawn Horcoff wins face-off versus James van Riemsdyk in neutral zone.
4:54 of 3rd period - Kevin Shattenkirk is hit by Josh Bailey and loses puck.
5:03 of 3rd period - Wrist shot by Josh Bailey.
5:03 of 3rd period - Shot Blocked by Todd Bertuzzi.
5:17 of 3rd period - Jake Gardiner is hit by Daniel Sedin and loses puck.
5:39 of 3rd period - Josh Bailey is hit by Luca Sbisa and loses puck.
6:24 of 3rd period - Jake Gardiner is hit by Daniel Sedin and loses puck.
7:11 of 3rd period - Penalty to Kevin Bieksa is over, Daniel Alfredsson is send on ice.
7:40 of 3rd period - Slapshot by Alex Galchenyuk.
7:40 of 3rd period - Stopped by Tom McCollum with a rebound.
8:37 of 3rd period - Nate Guenin is hit by Joe Colborne and loses puck.
9:02 of 3rd period - Off-side.
9:03 of 3rd period - Joe Colborne wins face-off versus Daniel Alfredsson in neutral zone.
9:10 of 3rd period - James van Riemsdyk is hit by Colin McDonald and loses puck.
9:19 of 3rd period - Wrist shot by David Booth.
9:19 of 3rd period - Stopped by Tom McCollum with a rebound.
9:21 of 3rd period - Wrist shot by Joe Colborne.
9:21 of 3rd period - Stopped by Tom McCollum without a rebound.
9:22 of 3rd period - Joe Colborne wins face-off versus Daniel Alfredsson in Rangers zone.
9:45 of 3rd period - Tanner Glass is hit by Brad Boyes and loses puck.
9:54 of 3rd period - Slapshot by Philip Larsen.
9:54 of 3rd period - Shot Blocked by Jake Gardiner.
11:10 of 3rd period - Francis Bouillon is hit by Paul Ranger.
11:27 of 3rd period - Jay McClement is hit by Adam Larsson.
11:43 of 3rd period - Jeff Skinner is hit by Nino Niederreiter and loses puck.
11:52 of 3rd period - Snap shot by Matt Moulson.
11:52 of 3rd period - Stopped by Eddie Lack with a rebound.
11:54 of 3rd period - Slapshot by Todd Bertuzzi.
11:54 of 3rd period - Shot Misses the Net.
11:56 of 3rd period - Wrist shot by Daniel Alfredsson.
11:56 of 3rd period - Stopped by Eddie Lack with a rebound.
12:32 of 3rd period - Wrist shot by Daniel Alfredsson.
12:32 of 3rd period - Stopped by Eddie Lack without a rebound.
12:33 of 3rd period - James van Riemsdyk wins face-off versus Josh Bailey in Panthers zone.
12:44 of 3rd period - Wrist shot by Logan Couture.
12:44 of 3rd period - Stopped by Eddie Lack without a rebound.
12:45 of 3rd period - Josh Bailey wins face-off versus Maxim Lapierre in Panthers zone.
13:09 of 3rd period - Calvin de Haan is hit by Jeff Halpern and loses puck.
13:37 of 3rd period - Snap shot by Josh Bailey.
13:37 of 3rd period - Shot Blocked by Francis Bouillon.
13:55 of 3rd period - Slapshot by Jake Gardiner.
13:55 of 3rd period - Deflect By Kevin Shattenkirk.
13:55 of 3rd period - Goal by Jake Gardiner - Rangers : 3 - Panthers : 5.
13:56 of 3rd period - Shawn Horcoff wins face-off versus James van Riemsdyk in neutral zone.
14:44 of 3rd period - Todd Bertuzzi is hit by Calvin de Haan and loses puck.
14:57 of 3rd period - Joe Colborne is hit by Jeff Skinner and loses puck.
15:31 of 3rd period - Shawn Horcoff is hit by Brad Richardson and loses puck.
16:24 of 3rd period - Snap shot by Alex Galchenyuk.
16:24 of 3rd period - Stopped by Tom McCollum with a rebound.
16:26 of 3rd period - Slapshot by Paul Ranger.
16:26 of 3rd period - Shot Misses the Net.
16:52 of 3rd period - Philip Larsen is hit by Colin McDonald and loses puck.
16:53 of 3rd period - Philip Larsen from Rangers is injured at 16:53 of 3rd period (Severed Right Wrist Tendon).
16:54 of 3rd period - James van Riemsdyk wins face-off versus Shawn Horcoff in Rangers zone.
17:14 of 3rd period - Jake Gardiner is hit by Francis Bouillon and loses puck.
17:43 of 3rd period - Snap shot by Josh Bailey.
17:43 of 3rd period - Shot Blocked by Luca Sbisa.
17:45 of 3rd period - Slapshot by Paul Ranger.
17:45 of 3rd period - Stopped by Tom McCollum with a rebound.
17:47 of 3rd period - Slapshot by Paul Ranger.
17:47 of 3rd period - Deflect By Logan Couture.
17:47 of 3rd period - Stopped by Tom McCollum without a rebound.
17:48 of 3rd period - Jay McClement wins face-off versus Alex Galchenyuk in Rangers zone.
17:50 of 3rd period - Minor Penalty to Brad Richardson for Hooking.
17:51 of 3rd period - Josh Bailey wins face-off versus James van Riemsdyk in Rangers zone.
18:44 of 3rd period - Luca Sbisa is hit by Mats Zuccarello and loses puck.
18:49 of 3rd period - Snap shot by Mats Zuccarello.
18:49 of 3rd period - Stopped by Tom McCollum with a rebound.
18:51 of 3rd period - Slapshot by Paul Ranger.
18:51 of 3rd period - Deflect By Daniel Sedin.
18:51 of 3rd period - Goal by Paul Ranger - Rangers : 3 - Panthers : 6.
18:52 of 3rd period - Shawn Horcoff wins face-off versus Jay McClement in neutral zone.
19:13 of 3rd period - Minor Penalty to Paul Ranger for Interference.
19:14 of 3rd period - Shawn Horcoff wins face-off versus Jay McClement in Panthers zone.
19:19 of 3rd period - Off-side.
19:20 of 3rd period - Shawn Horcoff wins face-off versus Daniel Sedin in neutral zone.
19:51 of 3rd period - Jake Gardiner is hit by Kevin Shattenkirk and loses puck.
Goals for this period are 0 for Rangers vs 3 for Panthers.
Shots for this period are 7 for Rangers vs 12 for Panthers.


Output by the SimonT Hockey Simulator (STHS) for Eric Dolegowski -- Original Page W3C XHTML 1.0 Valid
Hockey Simulator - Hockey Simulation - Hockey Manager